 Dungeon Crawl Stone Soup version 0.29.1-13-g9f3cf754e1 (webtiles) character file.

Game seed: 18043006215814222551

3901 shadowmeld the Thaumaturge (level 10, -3/70 HPs)
             Began as a Djinni Hedge Wizard on Feb 8, 2023.
             Was a Follower of Ashenzari.
             Slain by an orc warrior
             ... wielding a +0 short sword
              (10 damage)
             ... on level 9 of the Dungeon.
             The game lasted 00:42:30 (9472 turns).

shadowmeld the Thaumaturge (Djinni Hedge Wizard)    Turns: 9472, Time: 00:42:30

Health: -3/70      AC: 13    Str:  9    XL:     10   Next: 43%
Gold:   442        EV: 12    Int: 19    God:    Ashenzari [*.....] SH:  0 Dex: 14

rFire   + . .      SeeInvis .   l - +2 flail of the Unyielding Gaze {holy, Self, Melee} (curse)
rCold   . . .      Faith    .   (no shield)
rNeg    . . .      Spirit   .   t - +5 ring mail
rPois   ∞          Reflect  .   m - +0 helmet
rElec   .          Harm     +   d - scarf {harm}
rCorr   .          Rampage  .   n - +0 pair of gloves
Will    +....                   (boots unavailable)
Stlth   +.........              (no amulet)
HPRegen 0.21/turn               r - ring "Visionary Failure" {Ice, Melee, Fort} (curse)
MPRegen 0.00/turn               (no ring)

@: about to teleport, flying
A: sickness immunity, fire resistance 2, cold vulnerability 1, float, innate
caster, HP casting, extra vitality 1
a: Renounce Religion, Shatter the Chains


You were on level 9 of the Dungeon.
You worshipped Ashenzari.
Ashenzari was aware of your devotion.
You visited 2 branches of the dungeon, and saw 10 of its levels.

You collected 442 gold pieces.

Inventory:

Hand Weapons
 l - the cursed +2 flail of the Unyielding Gaze (weapon) {holy, Self, Melee}
   (You took it off a gnoll on level 4 of the Dungeon)

   It has been blessed by the Shining One to cause great damage to the undead
   and demons.
   It has a curse which improves the following skills: Introspection: Fighting
   and Spellcasting.
   Melee Combat: Short Blades, Long Blades, Axes, Maces & Flails, Polearms,
   Staves and Unarmed Combat.
Missiles
 w - 5 atropa-tipped darts
 x - a throwing net
 y - 11 poisoned darts
Armour
 d - a scarf of harm (worn)
 m - a +0 helmet (worn)
 n - a +0 pair of gloves (worn)
 s - a +0 tower shield
 t - a +5 ring mail (worn)
Jewellery
 r - the cursed ring "Visionary Failure" (left hand) {Ice, Melee, Fort}
   (You found it on level 5 of the Dungeon)

   [ring of ice]

   It enhances your ice magic.
   rF:        It makes you vulnerable to fire.
   rC:        It protects you from cold.
   It has a curse which improves the following skills: Melee Combat: Short
   Blades, Long Blades, Axes, Maces & Flails, Polearms, Staves and Unarmed
   Combat.
   Fortitude: Armour and Shields.
 v - a ring of ice
Wands
 z - a wand of polymorph (6)
 F - a wand of flame (37)
Scrolls
 a - a scroll of brand weapon
 i - 2 scrolls of teleportation
 j - 4 scrolls of enchant armour
 k - 2 scrolls of torment
 o - 2 scrolls of vulnerability
 q - 3 scrolls of butterflies
 A - a scroll of immolation
 C - a scroll of enchant weapon
Potions
 b - a potion of berserk rage
 c - a potion of cancellation
 e - a potion of attraction
 f - 2 potions of magic
 g - 5 potions of curing
 h - a potion of might
 p - a potion of lignification
 u - a potion of heal wounds
 B - a potion of haste
 D - a potion of brilliance


   Skills:
 * Level 4.7(5.5) Fighting
 + Level 4.2(5.0) Armour
 * Level 5.5 Dodging
 - Level 1.5 Stealth
 * Level 9.6(10.4) Spellcasting


You had 8 spell levels left.
You knew the following spells:

 Your Spells              Type           Power      Damage    Failure   Level
a - Magic Dart            Conj           100%       1d8       1%          1
b - Blink                 Tloc           98%        N/A       1%          2
c - Call Imp              Summ           49%        N/A       1%          2
d - Slow                  Hex            100%       N/A       1%          1
e - Conjure Flame         Conj/Fire      49%        6-21      1%          3
f - Mephitic Cloud        Conj/Pois/Air  49%        N/A       1%          3
g - Sandblast             Erth           98%        2d20      1%          1
h - Static Discharge      Conj/Air       49%        3-10/arc  1%          2
i - Poisonous Vapours     Pois/Air       98%        N/A       1%          2
j - Hailstorm             Conj/Ice       65%        3d14      2%          4
Your spell library was empty.

Dungeon Overview and Level Annotations

Branches:
Dungeon (9/15)             Temple (1/1) D:7             Orc (0/2) D:9
   Lair: D:8-11

Altars:
Ashenzari
Cheibriados
Dithmenos
Elyvilon
Fedhas
Gozag
Hepliaklqana
Makhleb
Nemelex Xobeh
Okawaru
Qazlal
Ru
Trog
Uskayaw
Wu Jian
Xom
Yredelemnul
Zin
The Shining One


Innate Abilities, Weirdness & Mutations

You are immune to sickness and miasma.
You are immune to poison.
Your flesh is very heat resistant. (rF++)
You are vulnerable to cold. (rC-)
You float through the air rather than walking.
You learn spells naturally, not from books.
Your magical power is your life essence.
You have superior vitality. (+4 MHP)


Message History

Aiming: Sandblast (safe; 1% risk of failure)
Press: ? - help, Q - select action, (/) - cycle Shift-Dir - straight line, f - orc warrior
Aim: an orc warrior, wielding a +0 short sword and wearing a +0 plate armour (85% to hit)
The blast of sand hits the orc warrior!
The orc warrior is heavily wounded.
A wyvern comes into view.
The orc priest looks braver for a moment.
Casting: Sandblast (safe; 1% risk of failure)
Confirm with . or Enter, or press ? or * to list all spells.
Casting: Hailstorm (dangerous; 2% risk of failure)
Press: ? - help, Dir - look around, f - activate You feel a surge of power!
A cannonade of hail descends around you!
The hail pelts the orc warrior!
The orc warrior is almost dead.
The orc priest calls upon Beogh to heal the orc warrior.
The orc warrior is healed somewhat.
Aiming: Sandblast (safe; 1% risk of failure)
Press: ? - help, Q - select action, (/) - cycle Shift-Dir - straight line, f - orc warrior
Aim: an orc warrior, wielding a +0 short sword and wearing a +0 plate armour (severely wounded, 85% to hit)
The blast of sand hits the orc warrior but does no damage.
The orc warrior is severely wounded.
The orc warrior closely misses you.
Aiming: Sandblast (safe; 1% risk of failure)
Press: ? - help, Q - select action, (/) - cycle Shift-Dir - straight line, f/p - orc warrior
Aim: an orc warrior, wielding a +0 short sword and wearing a +0 plate armour (severely wounded, 85% to hit)
The blast of sand hits the orc warrior but does no damage.
The orc warrior is severely wounded.
The orc warrior hits you with a +0 short sword.
* * * LOW HITPOINT WARNING * * *
An orc warrior comes into view. It is wielding a +0 war axe.
The howler monkey hoots and howls with incredible vigour!
The orc priest mumbles some strange prayers to Beogh against you.
Beogh smites you!
* * * LOW HITPOINT WARNING * * *
You hear a roar!
As you read the scroll of teleportation, it crumbles to dust.
You feel strangely unstable.
The orc warrior hits you with a +0 short sword!
You die...

#.#.)(#.#.# #.#.# .# #
#.#.[.#.#.#. #.#)# .. .#
#.##.##.#.##.##.#)##.##.#
#..#.#..#..#'#..#..#h#..#
##......#...o...#..)†..#
#.....###.8.8.###).8..#
##....###...:.###lo..##
##....#.......#....##
###..........@o.###
####....[..#### ####>####
###


You could see 2 orc warriors, a wyvern, a howler monkey (catching breath) and an
orc priest.

Vanquished Creatures
  Maurice (D:8)
  Sigmund (D:6)
  4 yaks (D:8)
  A wyvern (D:8)
  A steam dragon (D:7)
  Eustachio (D:5)
  A water moccasin (D:8)
  An ice beast (D:6)
  3 orc warriors
  2 sky beasts
  A black bear (D:6)
  2 ogres
  2 centaurs
  A phantom (D:5)
  A kobold brigand (D:8)
  2 necrophages
  A scorpion (D:6)
  A gnoll sergeant (D:7)
  2 bullfrogs
  3 wights (D:7)
  2 howler monkeys
  3 orc priests
  2 hounds
  3 jellies
  An iguana (D:5)
  3 orc wizards
  10 adders
  8 gnolls
  2 white imps
  2 ufetubi
  3 worms
  6 dart slugs
  23 orcs
  4 bats
  6 endoplasms
  2 giant cockroaches
  5 goblins
  2 hobgoblins
  4 jackals (D:1)
  4 kobolds
  6 quokkas
  5 ball pythons
  6 frilled lizards
  5 rats
149 creatures vanquished.

Notes
Turn   | Place    | Note
-------+----------+-------------------------------------------
     0 | D:1      | shadowmeld the Djinni Hedge Wizard began the quest for the
                  | Orb.
     0 | D:1      | shadowmeld set off with the following spells memorised:
                  | Magic Dart, Blink, Call Imp, Slow, Conjure Flame, Mephitic
                  | Cloud.
     0 | D:1      | Reached XP level 1. HP: 15/15 MP: 0/0
   295 | D:1      | Reached XP level 2. HP: 19/21 MP: 0/0
   657 | D:1      | Reached skill level 3 in Spellcasting
   660 | D:1      | Reached XP level 3. HP: 12/26 MP: 0/0
   660 | D:1      | Learned a level 1 spell: Sandblast
  1242 | D:1      | Found a faded altar of an unknown god.
  1933 | D:2      | Reached XP level 4. HP: 22/31 MP: 0/0
  2049 | D:2      | Reached skill level 1 in Fighting
  2656 | D:3      | Identified the +8 spear "Tassenud" {drain, rC+ Will+ Str+3}
  2763 | D:3      | You are sucked into a shaft and drop 3 floors!
  2787 | D:6      | Reached XP level 5. HP: 35/37 MP: 0/0
  2787 | D:6      | Learned a level 2 spell: Static Discharge
  2790 | D:6      | Noticed a centaur
  2802 | D:5      | Entered Level 5 of the Dungeon
  2802 | D:5      | Noticed a phantom
  2805 | D:5      | Reached skill level 4 in Spellcasting
  2810 | D:5      | Killed a phantom
  2811 | D:5      | Reached XP level 6. HP: 30/42 MP: 0/0
  3360 | D:4      | HP: 1/42 [gnoll/+2 flail of holy wrath (13)]
  4219 | D:4      | Noticed an ogre
  4221 | D:4      | Killed an ogre
  4222 | D:4      | Reached skill level 5 in Spellcasting
  4222 | D:4      | Reached XP level 7. HP: 46/48 MP: 0/0
  4222 | D:4      | Learned a level 2 spell: Poisonous Vapours
  4312 | D:4      | Reached skill level 1 in Armour
  4806 | D:5      | Noticed Eustachio
  4812 | D:5      | Killed Eustachio
  5181 | D:5      | Reached XP level 8. HP: 33/55 MP: 0/0
  5340 | D:5      | Reached skill level 6 in Spellcasting
  5941 | D:6      | Found a hazy altar of Hepliaklqana.
  6492 | D:6      | Noticed Sigmund
  6499 | D:6      | Killed Sigmund
  6500 | D:6      | Reached skill level 7 in Spellcasting
  6580 | D:6      | Reached XP level 9. HP: 58/61 MP: 0/0
  6580 | D:6      | Learned a level 4 spell: Hailstorm
  6882 | D:6      | HP: 2/61 [orc/+0 short sword (1)]
  7220 | D:6      | Found a sacrificial altar of Ru.
  7251 | D:6      | Found a sparkling altar of Nemelex Xobeh.
  7595 | D:7      | Found a staircase to the Ecumenical Temple.
  7605 | Temple   | Entered the Ecumenical Temple
  7605 | Temple   | Found a transporter.
  7605 | Temple   | Found a transporter.
  7607 | Temple   | Found a transporter.
  7607 | Temple   | Found a transporter.
  7615 | Temple   | Reached skill level 8 in Spellcasting
  7629 | Temple   | Became a worshipper of Ashenzari the Shackled
  8671 | D:8      | Reached skill level 5 in Dodging
  8671 | D:8      | Reached XP level 10. HP: 65/69 MP: 0/0
  8680 | D:8      | Reached skill level 9 in Spellcasting
  8879 | D:8      | Noticed Maurice
  8886 | D:8      | Killed Maurice
  8972 | D:8      | Found a glowing golden altar of the Shining One.
  9251 | D:8      | Reached * piety under Ashenzari
  9419 | D:9      | Found a staircase to the Orcish Mines.
  9472 | D:9      | Slain by an orc warrior

Illustrated notes

Levels and vault maps discovered:
D:1:      amcnicky_arrival_underground_garden, layout_loops_ring,
          shapermc_ecumenical_altar_mp_highgroup, roderic_roman_lattice,
          minivault_4
D:2:      layout_basic
D:3:      layout_rooms
D:4:      layout_loops_corners, minmay_misc_feat_square
D:5:      layout_basic, chequers_serial_rivers_small_3, uniq_eustachio
D:6:      layout_cave_pools, nicolae_overflow_hidden_temple, serial_glass,
          glass_columns_a, glass_columns_c, glass_columns_a, glass_columns_a,
          glass_columns_a, glass_columns_b, due_unseen_surprise,
          feat_on_display, chequers_arboretum, amcnicky_mini_pool_small,
          uniq_sigmund
D:7:      layout_basic, minmay_temple_entry_mist
D:8:      layout_basic, tso_oasis_becter, minmay_misc_feat_rows,
          blue_anna_alchemist, uniq_maurice
D:9:      layout_basic, david_orc_1_choice, uniq_harold, uniq_maggie, uniq_pikel
Temple:   hellmonk_temple_divided_pantheon

Skill      XL: |  1  2  3  4  5  6  7  8  9 10 |
---------------+-------------------------------+-----
Spellcasting   | 3 4 5 7 8 9 |  9.6
Fighting       | 1 2 3 4 |  4.7
Dodging        | 3 4 5 |  5.5
Armour         | 1 2 3 4 |  4.2
Stealth        | |  1.5

Action                   |  1- 3 |  4- 6 |  7- 9 | 10-12 || total
-------------------------+-------+-------+-------+-------++-------
Melee: Dagger            |       |     8 |       |       ||     8
       Flail             |       |       |     3 |       ||     3
 Cast: Magic Dart        |    56 |    47 |    46 |    16 ||   165
       Sandblast         |    19 |    64 |   124 |    21 ||   228
       Mephitic Cloud    |       |     3 |     1 |       ||     4
       Static Discharge  |       |       |     1 |       ||     1
       Hailstorm         |       |       |     6 |     7 ||    13
       Poisonous Vapours |       |       |       |     2 ||     2
Invok: Curse Item        |       |       |     1 |     1 ||     2
  Use: Scroll            |       |     7 |     5 |     1 ||    13
Armor: Robe              |     4 |       |       |       ||     4
       Ring mail         |       |    23 |    39 |     7 ||    69
Dodge: Dodged            |    11 |    22 |    30 |     4 ||    67
